 Dungeon Crawl Stone Soup version 0.32-a0-136-gc02482bde3 (webtiles) character file.

Game seed: 14169081643370988270

406 anacleto the Shooter (level 6, 0/32 HPs)
             Began as a Spriggan Hunter on Feb 11, 2024.
             Incinerated by a bombardier beetle (3 damage)
             ... with a burning spray
             ... on level 5 of the Dungeon.
             The game lasted 00:09:33 (2458 turns).

anacleto the Shooter (Spriggan Hunter)              Turns: 2458, Time: 00:09:34

Health: 0/32       AC:  2    Str:  7    XL:     6   Next: 56%
Magic:  11/11      EV: 19    Int: 13    God:
Gold:   142        SH:  0    Dex: 18    Spells: 10/10 levels left

rFire   . . .        a - +0 shortbow
rCold   . . .        (shield currently unavailable)
rNeg    . . .        c - +0 robe
rPois   .            (helmet restricted)
rElec   .            (no cloak)
rCorr   .            (gloves unavailable)
SInv    +            (boots unavailable)
Will    +....        (no amulet)
Stlth   +            (no ring)
HPRegen 0.25/turn    (no ring)
MPRegen 0.12/turn

%: no passive effects
@: on fire, glowing, very quick
A: very small, no large weapons, unfitting armour, see invisible, speed 3
a: no special abilities


You were on level 5 of the Dungeon.
You visited 1 branch of the dungeon, and saw 5 of its levels.

You collected 142 gold pieces.

Inventory:

Hand Weapons
 a - a +0 shortbow (weapon)
Armour
 c - a +0 robe (worn)
Wands
 j - a wand of iceblast (5) (quivered)
Scrolls
 b - a scroll of butterflies
 f - 4 scrolls of teleportation {unknown}
 g - a scroll of fog {unknown}
 h - a scroll of immolation {unknown}
 i - 2 scrolls of vulnerability {unknown}
 l - a scroll of poison {unknown}
 m - a scroll of brand weapon {unknown}
 o - a scroll of fear {unknown}
Potions
 d - 4 potions of brilliance
 e - a potion of resistance
 n - a potion of enlightenment {unknown}


   Skills:
 + Level 2.7 Fighting
 * Level 5.7 Ranged Weapons
 + Level 4.5 Dodging
 + Level 4.2 Stealth
 + Level 2.8 Spellcasting


You had 10 spell levels left.
You didn't know any spells.
Your spell library contained the following spells:

 Spells                   Type           Power      Damage    Failure   Level
 Ensorcelled Hibernation  Hex/Ice        2%         N/A       34%         2
 Fugue of the Fallen      Necr           1%         N/A       56%         3
 Tukima's Dance           Hex            1%         N/A       56%         3
 Anguish                  Hex/Necr       0%         N/A       93%         4
 Dimensional Bullseye     Hex/Tloc       0%         N/A       93%         4
 Iskenderun's Mystic Bla  Conj/Tloc      1%         2d3       93%         4


Dungeon Overview and Level Annotations

Branches:
Dungeon (6/15)
 Temple: D:4-7

Altars:


Innate Abilities, Weirdness & Mutations

You are very small and have problems with some larger weapons.
You are too small for most types of armour.
You have supernaturally acute eyesight. (SInv)
You cover ground extremely quickly. (Speed+++)


Message History

Aim: a scorpion (almost dead, 64% to hit)
You shoot an arrow. The arrow hits the scorpion.
You kill the scorpion!
You feel very sick.
Fire: a) +0 shortbow
Press: ? - help, Q - select action, (/) - cycle Shift-Dir - straight line, f - bombardier beetle
Aim: a bombardier beetle (74% to hit)
You shoot an arrow. The arrow hits the bombardier beetle.
The bombardier beetle is moderately wounded.
You feel very sick.
The bombardier beetle sprays incendiary fluid at you.
The burning spray hits you.
You are covered in liquid fire!
Fire: a) +0 shortbow
Press: ? - help, Q - select action, (/) - cycle Shift-Dir - straight line, f/p - bombardier beetle
Aim: a bombardier beetle (moderately wounded, 74% to hit)
You shoot an arrow.
The arrow hits the bombardier beetle but does no damage.
The bombardier beetle is moderately wounded.
The liquid fire burns you!
You feel sick.
Fire: a) +0 shortbow
Press: ? - help, Q - select action, (/) - cycle Shift-Dir - straight line, f/p - bombardier beetle
Aim: a bombardier beetle (moderately wounded, 74% to hit)
You shoot an arrow.
The arrow barely misses the bombardier beetle.
The liquid fire burns you!
* * * LOW HITPOINT WARNING * * *
x2 You feel sick.
It was a potion of curing.
You feel better. The liquid fire burns you!
* * * LOW HITPOINT WARNING * * *
Aiming: Iceblast
Press: ? - help, Q - select action, (/) - cycle Shift-Dir - straight line, f/p - bombardier beetle
Aim: a bombardier beetle (moderately wounded)
The mass of ice explodes!
The iceblast engulfs the bombardier beetle!!
You kill the bombardier beetle!
The liquid fire burns you!
You die...

..
..
..
#.
###.
#..
#.#
#@#
#.#
#.#
#.#
#.#
#.#
#.#
#.#
#.#


There were no monsters in sight!

Vanquished Creatures
  An ice beast (D:6)
  A centaur (D:6)
  A bullfrog (D:6)
  A scorpion (D:5)
  A bombardier beetle (D:5)
  Terence (D:2)
  2 adders (D:2)
  A shadow imp (D:6)
  3 ribbon worms
  An orc (D:3)
  3 ball pythons (D:2)
  5 endoplasms
  2 giant cockroaches (D:2)
  6 goblins
  10 hobgoblins
  6 jackals
  2 quokkas (D:1)
  4 bats
  3 frilled lizards
  7 kobolds
  5 rats
66 creatures vanquished.

Notes
Turn   | Place    | Note
-------+----------+-------------------------------------------
     0 | D:1      | anacleto the Spriggan Hunter began the quest for the Orb.
     0 | D:1      | Reached XP level 1. HP: 10/10 MP: 2/2
   113 | D:1      | Reached XP level 2. HP: 15/15 MP: 3/3
   928 | D:2      | Reached skill level 1 in Spellcasting
   928 | D:2      | Reached XP level 3. HP: 18/18 MP: 5/5
  1528 | D:2      | Noticed Terence
  1554 | D:2      | Killed Terence
  1555 | D:2      | Reached XP level 4. HP: 23/23 MP: 5/7
  1766 | D:2      | Found a faded altar of an unknown god.
  2107 | D:3      | You fall into a shaft and drop 3 floors!
  2144 | D:6      | Noticed a centaur
  2146 | D:6      | Noticed a bullfrog
  2167 | D:6      | Killed a bullfrog
  2168 | D:6      | Reached skill level 5 in Ranged Weapons
  2168 | D:6      | Reached XP level 5. HP: 13/26 MP: 7/9
  2179 | D:6      | Killed a centaur
  2289 | D:6      | Noticed an ice beast
  2305 | D:6      | Killed an ice beast
  2306 | D:6      | Reached XP level 6. HP: 32/32 MP: 9/11
  2382 | D:5      | Entered Level 5 of the Dungeon
  2456 | D:5      | HP: 1/32 [poisoned by a scorpion]
  2458 | D:5      | Incinerated by a bombardier beetle

Illustrated notes

Levels and vault maps discovered:
D:1:      noname_arrival_rooms_in_the_neighbourhood, layout_basic
D:2:      layout_loops_cross, hellmonk_ecumenical_altar_inner_sanctum,
          uniq_terence
D:3:      layout_loops_ring, kennysheep_boxes
D:5:      layout_loops_ring, minmay_misc_feat_encased
D:6:      layout_cave_pools, gammafunk_temple_overflow_forgotten,
          gup_sewer_entry_pipe, ebering_ghost_gozag, serial_rivers,
          chequers_serial_rivers_micro_a, chequers_serial_rivers_small_3,
          chequers_serial_rivers_room_a, chequers_serial_rivers_room_a,
          chequers_serial_rivers_micro_c, chequers_serial_rivers_micro_e,
          grunt_ministairs_6

Skill      XL: |  1  2  3  4  5 |
---------------+----------------+-----
Dodging        | 3 4 |  4.5
Stealth        | 2 3 4 |  4.2
Spellcasting   | 1 2 |  2.8
Fighting       | 2 |  2.7
Ranged Weapons | 5 |  5.7

Action                     |  1- 3 |  4- 6 || total
---------------------------+-------+-------++-------
   Fire: Shortbow          |   146 |    88 ||   234
  Evoke: Wand              |     2 |     1 ||     3
    Use: Potion            |       |     3 ||     3
 Armour: Robe              |    19 |    20 ||    39
  Dodge: Dodged            |    45 |    44 ||    89

Table legend: (Time is in decaauts)
 A = Elapsed time spent in this place.
 B = Non-inter-level travel time spent in this place.
 C = Inter-level travel time spent in this place.
 D = Time resting spent in this place.
 E = Time spent auto-exploring this place.
 F = Levels seen in this place.
 G = Mean time per level.
                   A        B        C        D        E       F      G
               +--------+--------+--------+--------+--------+-----+--------+
         Total |   1766 |   1690 |     76 |    227 |    899 |   5 |  353.2 |
       Dungeon |   1766 |   1690 |     76 |    227 |    899 |   5 |  353.2 |
               +--------+--------+--------+--------+--------+-----+--------+

Top non-repeatable levels by time:
     D:2: 649 daAuts
     D:1: 647 daAuts
     D:6: 224 daAuts
     D:3: 186 daAuts
     D:5: 58 daAuts
